 Dungeon Crawl Stone Soup version 0.22.0-36-g8e74550d25 (webtiles) character file.

2 Timopy the Digger (level 1, 0/14 HPs)
             Began as a Ghoul Earth Elementalist on Aug 24, 2018.
             Slain by a jackal (2 damage)
             ... on level 1 of the Dungeon.
             The game lasted 00:02:03 (163 turns).

Timopy the Digger (Ghoul Earth Elementalist)         Turns: 163, Time: 00:02:04

Health: 0/14       AC:  3    Str: 11    XL:     1   Next: 40%
Magic:  0/2        EV: 12    Int: 10    God:
Gold:   13         SH:  0    Dex:  9    Spells: 2/3 levels left

rFire    . . .     SeeInvis .   a - -3 hunting sling (curse)
rCold    + . .     Gourm    .   (no shield)
rNeg     + + +     Faith    .   c - +0 robe
rPois    ∞         Spirit   .   (no helmet)
rElec    .         Reflect  .   (no cloak)
rCorr    .         Harm     .   f - +0 pair of gloves
MR       .....                  (no boots)
Stlth    ++........             (no amulet)
HPRegen  0.00/turn              (no ring)
MPRegen  0.08/turn              (no ring)

@: very slightly contaminated, rotting
A: rotting body, claws 1, carnivore, cold resistance 1, negative energy
resistance 3, inhibited regeneration, torment resistance, unbreathing
a: no special abilities


You were on level 1 of the Dungeon.
You were not hungry.

You visited 1 branch of the dungeon, and saw 1 of its levels.

You collected 13 gold pieces.

Inventory:

Hand Weapons
 a - a cursed -3 hunting sling (weapon)
Missiles
 b - 20 stones (quivered)
 g - 10 sling bullets
Armour
 c - a +0 robe (worn)
 f - a +0 pair of gloves (worn)
Comestibles
 d - a ration


   Skills:
 + Level 1.7 Dodging
 + Level 2.2 Stealth
 + Level 1.9 Spellcasting
   Level 0.8 Transmutations
 + Level 3.3 Earth Magic


You had 2 spell levels left.
You knew the following spells:

 Your Spells              Type           Power        Failure   Level  Hunger
a - Sandblast             Erth           #.....       8%          1    ##.....

Your spell library contained the following spells:

 Spells                   Type           Power        Failure   Level  Hunger
 Passwall                 Tmut/Erth      #.......     21%         2    ###....
 Stone Arrow              Conj/Erth      #.....       43%         3    ####...
 Petrify                  Tmut/Erth      #.......     78%         4    #####..
 Lee's Rapid Deconstruct  Erth           #.........   91%         5    ######.


Dungeon Overview and Level Annotations

Branches:
Dungeon (1/15)

Altars:


Innate Abilities, Weirdness & Mutations

Your body is rotting away.
You thrive on raw meat.
You are immune to poison.
You have sharp fingernails.
You are carnivorous and can eat meat at any time.
Your flesh is cold resistant. (rC+)
You are immune to negative energy. (rN+++)
You do not regenerate when monsters are visible.
You are immune to unholy pain and torment.
You can survive without breathing.


Message History

The jackal bites you but does no damage.
The jackal barely misses you.
Found 10 gold pieces.
You see here 2 stones.
Firing (i - inventory. (/) - cycle)
b - 21 stones (quivered)
Press: ? - help, Shift-Dir - straight line, f/p - jackal
Aim: a jackal (severely wounded)
You shoot a stone. The stone barely misses the jackal.
The jackal bites you.
* * * LOW HITPOINT WARNING * * *
The jackal bites you but does no damage.
The jackal bites you.
* * * LOW HITPOINT WARNING * * *
The jackal bites you but does no damage.
Casting: Sandblast (safe; 8% risk of failure)
Confirm with . or Enter, or press ? or * to list all spells.
Aiming: Sandblast (safe; 8% risk of failure)
Press: ? - help, Shift-Dir - straight line, f/p - jackal
Aim: a jackal (heavily wounded)
You miscast Sandblast.
You feel momentarily lethargic. The jackal bites you.
You die...

...........# .....(...#
#.......# #######
#().....# $ #≈≈>§≈#
+.......# ..
#§≈§§§####+.......#...
###§≈≈≈≈##...........#
#..§≈≈≈.........hh...#
#.8§....8.......@....#
...§.§...............#
.....8...............#
#....................#
##.......#...........#
##..8..##...........#
##...#######'####'#######.
##.## #................
#.# #.##.###.#######.


You could see 2 jackals.

Vanquished Creatures
  2 kobolds (D:1)
2 creatures vanquished.

Notes
Turn   | Place    | Note
-------+----------+-------------------------------------------
     0 | D:1      | Timopy the Ghoul Earth Elementalist began the quest for the Orb.
     0 | D:1      | Reached XP level 1. HP: 14/14 MP: 2/2
   163 | D:1      | Slain by a jackal

Action                   || total
-------------------------++-------
Melee: Hunting sling     ||     2
 Fire: Hunting sling     ||     7
 Cast: Sandblast         ||     3
  Use: Scroll            ||     1
Armor: Robe              ||     8
Dodge: Dodged            ||    22
